 Dungeon Crawl Stone Soup version 0.23-a0-517-gb7c078159a (webtiles) character file.

166947 D1HalberdGnoll the Brawler (level 17, -6/226 HPs)
             Began as an Ogre Transmuter on Dec 6, 2018.
             Was the Champion of Ru.
             Mangled by an eight-headed hydra (15 damage)
             ... on level 4 of the Swamp.
             The game lasted 01:52:32 (55109 turns).

D1HalberdGnoll the Brawler (Ogre Transmuter)       Turns: 55109, Time: 01:52:33

Health: -6/226     AC:  2    Str: 25    XL:     17   Next: 91%
Magic:  26/27      EV: 22    Int: 12    God:    Ru [******]
Gold:   1685       SH:  0    Dex: 18    Spells: 21/36 levels left

rFire    . . .     SeeInvis +     - Unarmed
rCold    + + +     Gourm    .   (shield currently unavailable)
rNeg     . . .     Faith    .   (armour currently unavailable)
rPois    +         Spirit   .   (helmet currently unavailable)
rElec    +         Reflect  .   (cloak currently unavailable)
rCorr    .         Harm     .   (gloves unavailable)
MR       ++...                  (boots unavailable)
Stlth    ..........             b - amulet of Edauhef {Acrobat rElec Int-5 Dex+3 SInv}
HPRegen  0.47/turn              p - ring "Yvekhlur" {rF+ rC+ MR+ Str+6}
MPRegen  0.20/turn              y - ring of poison resistance

@: agile, confusing touch, ice-form, drained
A: large, unfitting armour, low mp 1, no stealth, inability to use devices,
cowardly, inability to train armour, reduced AC 1
a: End Transformation, Draw Out Power, Power Leap, Apocalypse, Renounce Religion


You were on level 4 of the Swamp.
You worshipped Ru.
Ru was exalted by your worship.
You were not hungry.
You were a creature of crystalline ice.
You visited 5 branches of the dungeon, and saw 28 of its levels.
You visited the Abyss 1 time.
You also visited: Ice Cave.

You collected 3031 gold pieces.
You spent 1346 gold pieces at shops.

Inventory:

Missiles
 s - 764 arrows
 E - 2 throwing nets (quivered)
Armour
 e - a +1 hat (melded)
 l - a +0 cloak (melded)
 F - a +0 shield (melded)
 K - the +1 pearl dragon scales of Gravitas (melded) {rN+ rCorr Int+4}
   (You found it on level 4 of the Lair of Beasts)

   It affects your intelligence (+4).
   It protects you from negative energy.
   It provides partial protection from all sources of acid and corrosion.
Jewellery
 b - the amulet of Edauhef (around neck) {Acrobat rElec Int-5 Dex+3 SInv}
   (You acquired it on level 5 of the Lair of Beasts)

   [amulet of the acrobat]

   It helps you evade while moving and waiting.
   It affects your intelligence (-5).
   It affects your dexterity (+3).
   It insulates you from electricity.
   It lets you see invisible.
 g - an uncursed ring of wizardry
 p - the ring "Yvekhlur" (left front paw) {rF+ rC+ MR+ Str+6}
   (You bought it in a shop on level 7 of the Dungeon)

   [ring of strength]

   It affects your strength (+6).
   It protects you from fire.
   It protects you from cold.
   It affects your resistance to hostile enchantments.
 y - a ring of poison resistance (right front paw)
Scrolls
 c - 2 scrolls of blinking
 f - 10 scrolls of teleportation
 h - 9 scrolls of amnesia
 i - 2 scrolls of enchant weapon
 k - 3 scrolls of immolation
 t - 15 scrolls of remove curse
 v - a scroll of identify
 x - a scroll of fog
 z - 7 scrolls of enchant armour
 A - 2 scrolls of magic mapping
 B - 4 scrolls of silence
 J - a scroll of summoning
Potions
 a - 3 potions of cancellation
 j - 8 potions of curing
 m - 2 potions of brilliance
 n - 8 potions of flight
 o - 3 potions of agility
 q - a potion of heal wounds
 r - 5 potions of mutation
 u - 8 potions of might
 w - 8 potions of haste
 C - a potion of berserk rage
 G - a potion of magic
 I - 3 potions of lignification
 L - a potion of ambrosia
Comestibles
 d - 23 rations


   Skills:
 + Level 16.7(16.3) Fighting
 - Level 10.0(9.6) Dodging
 - Level 9.0(8.7) Shields
 * Level 17.6(17.3) Unarmed Combat
 - Level 10.0(9.6) Spellcasting
 - Level 12.0(11.6) Transmutations
 - Level 5.0(4.7) Ice Magic


You had 21 spell levels left.
You knew the following spells:

 Your Spells              Type           Power        Failure   Level  Hunger
a - Confusing Touch       Hex            #.....       12%         1    None
b - Ice Form              Ice/Tmut       ####....     4%          4    ####...
c - Blade Hands           Tmut           ####......   2%          5    #####..
d - Sticks to Snakes      Tmut           ####....     1%          2    None
e - Spider Form           Tmut/Pois      ###.......   3%          3    ##.....

Your spell library contained the following spells:

 Spells                   Type           Power        Failure   Level  Hunger
 Beastly Appendage        Tmut           ####..       1%          1    None
 Animate Skeleton         Necr           N/A          12%         1    None
 Apportation              Tloc           #.....       12%         1    None
 Magic Dart               Conj           #...         12%         1    None
 Shock                    Conj/Air       #...         12%         1    None
 Summon Small Mammal      Summ           #...         12%         1    None
 Searing Ray              Conj           #.....       19%         2    None
 Swiftness                Chrm/Air       #.......     19%         2    None
 Dazzling Spray           Conj/Hex       #.....       36%         3    ##.....
 Static Discharge         Conj/Air       #.......     36%         3    ##.....
 Airstrike                Air            #.........   77%         4    ####...
 Force Lance              Conj/Tloc      #.......     77%         4    ####...
 Fulminant Prism          Conj/Hex       #.........   77%         4    ####...
 Iskenderun's Mystic Bla  Conj           #.......     77%         4    ####...
 Bolt of Magma            Conj/Fire/Erth #.........   98%         5    #####..
 Iskenderun's Battlesphe  Conj/Chrm      #.......     98%         5    #####..
 Lightning Bolt           Conj/Air       #.........   98%         5    #####..
 Venom Bolt               Conj/Pois      #.........   98%         5    #####..
 Iron Shot                Conj/Erth      #.........   100%        6    #######
 Orb of Destruction       Conj           #.........   100%        7    #######
 Spellforged Servitor     Conj/Summ      #.........   100%        7    #######


Dungeon Overview and Level Annotations

Branches:
Dungeon (15/15)            Temple (0/1) D:4            Lair (6/6) D:10
  Swamp (4/4) Lair:4        Snake (1/4) Lair:2        Slime (0/5) Lair:5
    Orc (2/2) D:11            Elf (0/3) Orc:2        Vaults (0/5) D:14
 Depths (0/5) D:15

Altars:
Ashenzari
Elyvilon
Fedhas
Hepliaklqana
Kikubaaqudgha
Makhleb
Okawaru
Ru
Uskayaw
Wu Jian
Zin
Jiyva

Shops:
D:7 :?=   D:9 ?   D:14 %   D:15 :   Orc:2 *[=(   Snake:1 (

Annotations:
D:14 exclusion: downstairs
Lair:4 exclusion: downstairs


Innate Abilities, Weirdness & Mutations

You are too large for most types of armour.
((You have tough skin. (AC +1)))
You cannot be stealthy.
You cannot study or use magical devices.
Your cowardice makes you less effective in combat with threatening monsters.
You cannot train Armour skill.
You take slightly more damage. (AC -5)
Your magical capacity is low. (-10% MP)


Message History

Your front paws begin to glow red.
The eight-headed hydra barely misses you.
The eight-headed hydra bites you!
* * * LOW HITPOINT WARNING * * *
You focus your will and blind the eight-headed hydra in retribution!
The eight-headed hydra bites you!!
* * * LOW HITPOINT WARNING * * *
The eight-headed hydra completely misses you.
The eight-headed hydra bites you!!
* * * LOW HITPOINT WARNING * * *
The eight-headed hydra misses you.
The eight-headed hydra completely misses you. x2
You hit the eight-headed hydra but do no damage.
The eight-headed hydra bites you!
* * * LOW HITPOINT WARNING * * *
The eight-headed hydra bites you!!
* * * LOW HITPOINT WARNING * * *
The eight-headed hydra barely misses you.
The eight-headed hydra bites you!
You die...

♣.≈≈.♣ ♣♣♣♣♣..≈♣♣♣♣♣♣♣♣♣♣♣
≈≈≈≈.♣♣♣ ♣≈≈≈.≈≈.♣.≈.≈..≈..♣♣
..§♣♣..♣ ♣≈≈..≈≈≈≈.≈≈≈≈≈≈≈≈≈♣
♣≈≈♣.(.♣ ♣.≈§...≈♣♣..≈≈≈≈≈≈.♣
...≈≈.♣♣ ♣♣≈♣≈§..♣..≈≈≈≈≈≈≈.♣
.≈≈≈.♣♣ ♣♣♣.§≈.≈...§≈≈.≈.≈♣
<..§♣.♣ ♣≈..♣..#..≈≈..≈.♣♣
.§.♣♣.}♣ ♣♣≈♣..#.#...≈§..≈♣
≈≈.♣ ♣♣♣ ♣Y..#...#.≈.≈≈.♣♣ ≈≈.♣
♣♣♣ ♣♣♣♣ ♣D≈..#.#....≈≈≈♣
≈.≈♣♣♣≈♣♣♣♣≈.♣♣♣.≈≈..#...≈..♣♣♣
.♣♣♣♣.≈..♣♣..D.≈♣♣.≈.......≈♣
♣♣≈.≈≈≈≈.≈≈...♣♣♣♣♣..≈.≈≈≈..♣♣♣
♣...♣≈≈≈.≈♣♣≈♣♣ ♣♣♣♣.≈....≈≈♣
♣♣♣♣†..≈≈♣♣♣♣♣ ♣♣♣♣♣♣≈≈†.♣...♣
♣♣♣≈...≈♣♣♣§§♣♣♣♣≈≈....≈≈..≈♣♣♣
♣..≈.≈≈.≈÷.§§≈♣♣....≈≈§.≈≈<♣≈.♣


You could see an eight-headed hydra (blind).

Vanquished Creatures
  5 thorn hunters
  A cacodemon (Abyss:1)
  An orc warlord (Orc:1)
  2 entropy weavers (Lair:5)
  The ghost of hemabe the Covert, a journeyman HuAr of Trog (Lair:5)
  Snorg (Orc:2)
  2 blizzard demons (IceCv)
  Josephine (D:15)
  Harold (D:9)
  A naga warrior (Snake:1)
  3 catoblepae
  4 vault guards (D:14)
  A catoblepas (shapeshifter) (D:15)
  21 hydras
  A two-headed ogre (shapeshifter) (D:14)
  2 shambling mangroves (Swamp:1)
  2 death knights
  8 centaur warriors
  5 two-headed ogres
  A queen ant (Lair:5)
  4 tengu warriors
  9 alligators
  A thrashing horror (Abyss:1)
  7 orc high priests
  Nergalle (D:10)
  2 naga sharpshooters (Snake:1)
  A shadow wraith (Abyss:1)
  4 wretched stars (Abyss:1)
  3 skeletal warriors
  A sixfirhy (Abyss:1)
  3 unseen horrors
  An orc knight (Orc:1)
  5 swamp dragons
  A glowing orange brain (Abyss:1)
  2 lindwurms
  An anaconda skeleton (Abyss:1)
  A phantasmal warrior (D:15)
  A tengu zombie (D:15)
  A wolf spider (D:15)
  A necromancer (D:15)
  2 deep elf magi (D:14)
  A faun (Lair:4)
  8 ugly things
  4 manticores
  5 orc sorcerers
  3 cyclopes
  5 large abominations (Abyss:1)
  16 black mambas
  A fire giant skeleton (D:15)
  3 salamanders (Snake:1)
  5 elephants (Lair:4)
  2 centaur zombies
  A guardian serpent (Lair:2)
  3 ice statues (IceCv)
  Psyche (D:11)
  An orange demon (Abyss:1)
  12 spiny frogs
  2 torpor snails (Lair:6)
  A gargoyle (D:15)
  3 naga magi (Snake:1)
  2 kobold demonologists
  A redback zombie (D:15)
  8 ice devils (IceCv)
  3 rime drakes
  A freezing wraith (D:13)
  5 anaconda simulacra (IceCv)
  2 ancient zymes (Abyss:1)
  3 komodo dragons
  A meliai (shapeshifter) (D:14)
  9 trolls
  5 polar bears (Lair:4)
  A hornet (shapeshifter) (D:12)
  10 hornets
  5 tyrant leeches
  8 bog bodies
  15 blink frogs
  A dream sheep (Lair:6)
  8 hippogriffs
  5 small abominations (Abyss:1)
  4 raiju (Abyss:1)
  An ettin zombie (D:15)
  17 slime creatures
  A meliai zombie (D:13)
  Sigmund (D:5)
  2 spriggans
  2 wyverns
  10 wraiths
  A ynoxinul (Abyss:1)
  3 shadows
  2 fire bats (Lair:5)
  49 yaks
  7 humans (D:14)
  Eustachio (D:6)
  A chaos spawn (Abyss:1)
  15 vampire mosquitoes
  3 basilisks
  5 hungry ghosts
  2 iron troll simulacra (IceCv)
  15 swamp worms
  A human zombie (D:15)
  21 insubstantial wisps
  8 nagas
  7 soldier ants (Lair:5)
  A harpy simulacrum (IceCv)
  4 wargs
  3 acid dragons
  7 water moccasins
  9 porcupines
  A hydra simulacrum (IceCv)
  12 swamp drakes
  2 black bears
  34 orc warriors
  A phantom (D:10)
  5 sky beasts
  5 ice beasts
  9 ogres
  An ettin simulacrum (IceCv)
  3 eyes of draining
  A necrophage (D:11)
  10 wolves
  20 centaurs
  A hornet zombie (D:8)
  A crocodile (shapeshifter) (D:14)
  8 crocodiles
  8 big kobolds
  15 bullfrogs
  A wyvern skeleton (D:13)
  4 scorpions
  11 killer bees
  3 wights (D:7)
  An electric eel (Lair:4)
  4 howler monkeys
  3 jellies
  10 crimson imps
  A lava snake (Lair:5)
  4 quasits
  A bullfrog zombie (D:10)
  2 gnoll shamans
  5 hounds
  16 orc priests
  25 orc wizards
  2 centaur skeletons
  5 iguanas
  Natasha (thrice) (D:3)
  35 worker ants
  7 hell rats (Lair:4)
  A howler monkey skeleton (D:4)
  A worker ant zombie (D:9)
  10 adders
  8 gnolls
  2 shadow imps
  An ufetubus (Abyss:1)
  A worm (shapeshifter) (D:14)
  3 worms
  3 dart slugs
  6 leopard geckos
  77 orcs
  A ball python (D:3)
  11 bats
  3 giant cockroaches
  5 hobgoblins (D:1)
  5 jackals
  7 quokkas
  A frilled lizard (D:3)
  5 goblins
  39 kobolds
  A leopard gecko skeleton (D:4)
  8 rats
  7 briar patches
  A fungus (Lair:5)
  A lurking horror (Abyss:1)
  A plant (D:3)
978 creatures vanquished.

Vanquished Creatures (collateral kills)
  3 hydras
  A water moccasin (Lair:5)
  A swamp drake (Swamp:4)
  An ogre (D:3)
  A crocodile (Lair:4)
  2 bullfrogs
  A killer bee (D:7)
  A worm (D:2)
  A leopard gecko (D:2)
  2 orcs
  A fungus (D:10)
15 creatures vanquished.

Vanquished Creatures (others)
  A hydra (Swamp:1)
  An anaconda (Snake:1)
  An alligator (Swamp:2)
  An ice devil (IceCv)
  2 trolls
  A wraith (D:12)
  A human (D:14)
  A vampire mosquito (Swamp:3)
  An orc warrior (Orc:2)
  An orc (Orc:2)
  A kobold (D:13)
  3 briar patches
  4 bushes (D:15)
  A fire vortex (Lair:5)
  50 fungi
  5 plants
  7 withered plants (D:15)
82 creatures vanquished.

Grand Total: 1075 creatures vanquished

Notes
Turn   | Place    | Note
-------+----------+-------------------------------------------
     0 | D:1      | D1HalberdGnoll the Ogre Transmuter began the quest for the
                  | Orb.
     0 | D:1      | Reached XP level 1. HP: 19/19 MP: 3/3
   299 | D:1      | Reached XP level 2. HP: 13/28 MP: 3/5
   507 | D:1      | Reached skill level 3 in Unarmed Combat
   907 | D:1      | Reached XP level 3. HP: 30/35 MP: 5/7
  1171 | D:2      | Learned a level 2 spell: Sticks to Snakes
  1844 | D:2      | Reached XP level 4. HP: 44/44 MP: 8/8
  1910 | D:3      | Noticed an ogre
  1926 | D:3      | Killed an ogre
  1926 | D:3      | Reached XP level 5. HP: 29/52 MP: 3/10
  2080 | D:3      | Noticed Natasha
  2098 | D:3      | Killed Natasha
  2111 | D:3      | Reached skill level 4 in Unarmed Combat
  2544 | D:3      | Noticed Natasha
  2565 | D:3      | Killed Natasha
  2815 | D:3      | Found a blossoming altar of Fedhas.
  2818 | D:3      | Found an ancient bone altar of Kikubaaqudgha.
  2968 | D:3      | Reached XP level 6. HP: 46/61 MP: 9/11
  3092 | D:3      | Learned a level 3 spell: Spider Form
  3252 | D:3      | Noticed Natasha
  3258 | D:3      | Killed Natasha
  3372 | D:3      | Found a faded altar of an unknown god.
  4154 | D:4      | Reached XP level 7. HP: 53/70 MP: 11/13
  4903 | D:4      | Reached skill level 5 in Dodging
  4903 | D:4      | Reached skill level 8 in Unarmed Combat
  4903 | D:4      | Reached skill level 5 in Transmutations
  4903 | D:4      | Reached XP level 8. HP: 88/88 MP: 13/18
  4904 | D:4      | Reached skill level 10 in Unarmed Combat
  4904 | D:4      | Reached XP level 9. HP: 96/96 MP: 13/19
  5299 | D:4      | Found a staircase to the Ecumenical Temple.
  5496 | D:5      | Entered Level 5 of the Dungeon
  5687 | D:5      | Noticed Sigmund
  5915 | D:5      | Killed Sigmund
  6494 | D:6      | Noticed Eustachio
  6504 | D:6      | Killed Eustachio
  6844 | D:6      | Found a hazy altar of Hepliaklqana.
  7001 | D:6      | Found a sacrificial altar of Ru.
  7289 | D:6      | Found a shattered altar of Ashenzari.
  7421 | D:6      | Became a worshipper of Ru the Awakened
  7486 | D:7      | Reached XP level 10. HP: 105/105 MP: 21/21
  7494 | D:7      | Learned a level 5 spell: Blade Hands
  7501 | D:7      | Found Xosar's Book Shop.
  7672 | D:7      | Found Hacejaf's Jewellery Boutique.
  7672 | D:7      | Found Lumpakeu's Magic Scroll Shoppe.
  7680 | D:7      | Found an iron altar of Okawaru.
  7698 | D:7      | Bought a cursed ring of poison resistance for 204 gold
                  | pieces
  7930 | D:7      | Bought a scroll of blinking for 97 gold pieces
  7953 | D:7      | Found a burning altar of Makhleb.
  7977 | D:7      | Found a glowing silver altar of Zin.
  7977 | D:7      | Noticed an angel
  7977 | D:7      | Noticed an Executioner
  8399 | D:7      | Found a hide-covered altar of Uskayaw.
  8401 | D:7      | Found a white marble altar of Elyvilon.
  9262 | D:8      | Gained mutation: Your cowardice makes you less effective in
                  | combat with threatening monsters. [Ru sacrifice]
  9262 | D:8      | Reached * piety under Ru
  9747 | D:8      | Reached skill level 11 in Unarmed Combat
 10155 | D:8      | Found an ornate altar of the Wu Jian Council.
 10577 | D:9      | Noticed Harold
 10623 | D:9      | Paralysed by a hornet for 2 turns
 10809 | D:9      | Reached XP level 11. HP: 82/115 MP: 22/22
 11477 | D:9      | Killed Harold
 11893 | D:9      | Noticed a two-headed ogre
 11918 | D:9      | Killed a two-headed ogre
 12269 | D:9      | Found Ragaari's Magic Scroll Shop.
 12526 | D:10     | Entered Level 10 of the Dungeon
 12885 | D:10     | Noticed a two-headed ogre
 12899 | D:10     | Killed a two-headed ogre
 13288 | D:10     | Identified the +1 leather armour "Biniemof" {rPois rCorr
                  | Int-4}
 13289 | D:10     | Noticed Nergalle
 13882 | D:10     | Found a staircase to the Lair.
 13983 | D:10     | Reached skill level 10 in Fighting
 14407 | D:10     | Noticed a two-headed ogre
 14414 | D:10     | Killed a two-headed ogre
 14414 | D:10     | Reached XP level 12. HP: 126/126 MP: 11/24
 14671 | D:10     | Killed Nergalle
 14877 | Lair:1   | Entered Level 1 of the Lair of Beasts
 14967 | Lair:1   | Reached skill level 12 in Unarmed Combat
 16683 | Lair:1   | Reached skill level 1 in Shields
 18313 | Lair:2   | Found a staircase to the Snake Pit.
 19347 | Lair:3   | Noticed a five-headed hydra
 19361 | Lair:3   | Killed a five-headed hydra
 20833 | Lair:4   | Reached XP level 13. HP: 116/137 MP: 21/26
 20931 | Lair:4   | Gained mutation: You cannot train Armour skill. [Ru
                  | sacrifice]
 20931 | Lair:4   | Reached ** piety under Ru
 21463 | Lair:4   | Noticed Urug
 21469 | Lair:4   | Noticed Urug
 21469 | Lair:4   | Urug changed into Urug the faun
 21477 | Lair:4   | Killed Urug the faun
 21935 | Lair:4   | Reached skill level 10 in Spellcasting
 22239 | Lair:4   | Got scorched pearl dragon scales
 22241 | Lair:4   | Identified the cursed +1 pearl dragon scales of Gravitas
                  | {rN+ rCorr Int+4} (You found it on level 4 of the Lair of
                  | Beasts)
 22257 | Lair:4   | Learned a level 4 spell: Ice Form
 22302 | Lair:4   | Reached skill level 13 in Unarmed Combat
 22757 | Lair:4   | Found a staircase to the Swamp.
 24158 | Lair:5   | Found a viscous altar of Jiyva.
 24175 | Lair:5   | Found a staircase to the Slime Pits.
 24699 | Lair:5   | Gained mutation: You cannot study or use magical devices.
                  | [Ru sacrifice]
 24699 | Lair:5   | Reached *** piety under Ru
 24699 | Lair:5   | Reached **** piety under Ru
 24726 | Lair:5   | Noticed an entropy weaver
 24727 | Lair:5   | Noticed an entropy weaver
 24741 | Lair:5   | Found a runed door.
 24741 | Lair:5   | Noticed hemabe's ghost (journeyman HuAr)
 25505 | Lair:5   | Killed hemabe's ghost
 25638 | Lair:5   | Killed an entropy weaver
 25823 | Lair:5   | Killed an entropy weaver
 26240 | Lair:5   | Identified 2 scrolls of acquirement
 26241 | Lair:5   | Got a bound jade amulet
 26412 | D:9      | Bought a scroll of identify for 24 gold pieces
 26412 | D:9      | Identified the amulet of Edauhef {Acrobat rElec Int-5 Dex+3
                  | SInv} (You acquired it on level 5 of the Lair of Beasts)
 27330 | D:11     | Paralysed by a hornet for 3 turns
 27339 | D:11     | Paralysed by a hornet for 1 turns
 27340 | D:11     | Reached XP level 14. HP: 84/149 MP: 22/28
 27764 | D:11     | Found a staircase to the Orcish Mines.
 28047 | D:11     | Noticed Psyche
 28056 | D:11     | Killed Psyche
 29048 | D:12     | Learned a level 1 spell: Confusing Touch
 29545 | D:13     | Reached skill level 5 in Shields
 30100 | D:13     | Reached skill level 14 in Unarmed Combat
 30659 | D:13     | Reached skill level 10 in Transmutations
 31271 | Lair:6   | Entered Level 6 of the Lair of Beasts
 33395 | D:7      | Bought the ring "Yvekhlur" {rF+ rC+ MR+ Str+6} for 1021
                  | gold pieces
 33612 | D:14     | Reached XP level 15. HP: 136/161 MP: 26/29
 34486 | D:14     | Reached skill level 15 in Unarmed Combat
 35151 | D:14     | Found a gate to the Vaults.
 35326 | D:14     | Found Faisuuc's Food Shoppe.
 35346 | D:15     | Entered Level 15 of the Dungeon
 35646 | D:15     | Noticed Josephine
 35933 | D:15     | Found a blossoming altar of Fedhas.
 35934 | D:15     | Noticed a shadow dragon
 36311 | D:14     | Gained mutation: You cannot be stealthy. [Ru sacrifice]
 36311 | D:14     | Reached ***** piety under Ru
 36985 | D:15     | Killed Josephine
 37649 | D:15     | Found a staircase to the Depths.
 39316 | D:15     | Found Siciceg's Book Shoppe.
 39540 | Orc:1    | Entered Level 1 of the Orcish Mines
 39585 | Orc:1    | Found Vyoganug's Antique Weapon Shop.
 40256 | Orc:2    | Entered Level 2 of the Orcish Mines
 40256 | Orc:2    | Found Taosal's Jewellery Shop.
 40256 | Orc:2    | Noticed an orc warlord
 40669 | Orc:1    | Killed an orc warlord
 40956 | Orc:2    | Gained mutation: You take slightly more damage. (AC -5) [Ru
                  | sacrifice]
 40956 | Orc:2    | Reached ****** piety under Ru
 41225 | Orc:2    | Cast into level 1 of the Abyss (orc)
 41291 | Abyss:1  | Reached XP level 16. HP: 159/174 MP: 25/30
 41521 | Abyss:1  | Gained mutation: Your magical capacity is low. (-10% MP) [a
                  | cacodemon]
 41885 | Abyss:1  | Reached skill level 16 in Unarmed Combat
 42094 | Orc:2    | Escaped the Abyss
 42175 | Orc:2    | Found Vovveim's General Store.
 42874 | Orc:2    | Reached skill level 15 in Fighting
 42904 | Orc:2    | Found a staircase to the Elven Halls.
 42905 | Orc:2    | Found Toyrgh's Antique Armour Emporium.
 42972 | Orc:2    | Noticed Snorg
 44261 | Orc:2    | Killed Snorg
 44299 | Orc:2    | Found Ycvol's Antique Weapon Boutique.
 44826 | Snake:1  | Entered Level 1 of the Snake Pit
 45243 | Snake:1  | Reached skill level 1 in Ice Magic
 46165 | Snake:1  | Found Kawk's Weapon Shoppe.
 46721 | Swamp:1  | Entered Level 1 of the Swamp
 48328 | Swamp:1  | Reached XP level 17. HP: 160/184 MP: 25/27
 48468 | Swamp:1  | Paralysed by a hornet for 3 turns
 50557 | Swamp:3  | Reached skill level 17 in Unarmed Combat
 52305 | Swamp:4  | Entered Level 4 of the Swamp
 52375 | Swamp:4  | Found a frozen archway.
 52827 | IceCv    | Entered an ice cave
 53933 | Swamp:4  | Reached skill level 10 in Dodging
 54295 | Swamp:3  | Reached skill level 5 in Ice Magic
 55109 | Swamp:4  | HP: 9/226 [eight-headed hydra (18)]
 55109 | Swamp:4  | Mangled by an eight-headed hydra

Vault maps used:
D:1:      eino_arrival_druids_welcome
D:2:      kennysheep_cross_bottleneck
D:3:      grunt_temple_overflow_growth_and_decay, cheibrodos_sewer_entry_bend,
          chequers_ecumenical_altar_simple_redux, first_ration,
          hangedman_abyss_or_decor_stabs, uniq_natasha
D:4:      minmay_temple_entry_from_below_b
D:5:      uniq_sigmund
D:6:      nicolae_ru_path_of_blood, lemuel_doored_altar, old_standard_altar,
          serial_glass, glass_columns_b, glass_columns_b, glass_columns_a,
          glass_columns_b, glass_columns_c, glass_columns_a,
          hangedman_decor_lopped, uniq_eustachio
D:7:      grunt_temple_overflow_order_and_chaos_2, okawaru_ov_weapons_minmay,
          nicolae_overflow_hidden_temple, serial_shops,
          nicolae_shop_statue_plus, shop, shop_statue
D:8:      marbit_many_paths
D:9:      serial_shops, shop, blue_anna_alchemist, minivault_24, uniq_harold
D:10:     due_lair_maze_entry_diamond, uniq_nergalle
D:11:     orc_0_dummy, minivault_24, uniq_psyche
D:12:     nrook_campfire
D:13:     evilmike_minifort
D:14:     kennysheep_windowed_halls, ximxim_vaults_locker_room, chequers_garden,
          serial_shops, nicolae_shop_behind_doors
D:15:     gammafunk_depths_entry_grave, nicolae_wwwww, serial_shops,
          shop_statue, minmay_misc_feat_doors, dk_noncrumbling_3,
          fedhas_bush_and_centaur_altar, uniq_josephine
Lair:1:   grunt_megastairs_2, serial_bayou_shore_b, lemuel_fruit_fields,
          lemuel_fruit_fields, serial_bayou_shore_b
Lair:2:   minmay_snake_entry_spellcaster
Lair:3:   grunt_megastairs_5
Lair:4:   nicolae_swamp_entry_splash_gauntlet, lookout_lair_type,
          cheibrodos_lair_lostbears, uniq_urug
Lair:5:   slime_altar_1, hellmonk_ghost_happy_afterlife, minmay_another_anthill,
          lemuel_fruit_tree
Lair:6:   hangedman_lair_in_review, chequers_serial_rivers_small_3,
          serial_bayou_shore_b
Swamp:1:  evilmike_swamp_ruin_rubble_1, swamp_pool5
Swamp:2:  nicolae_swamp_dense_foliage
Swamp:3:  nicolae_swamp_treefoil
Swamp:4:  swamp, portal_ice_cave_entry_pillars_2
Snake:1:  serial_shops, nicolae_shop_trees, st_stairs_6,
          hangedman_snake_corridor_cut
Orc:1:    serial_shops, shop
Orc:2:    grunt_orc_gardens, grunt_orc_garden, grunt_orc_garden,
          grunt_orc_garden, grunt_orc_garden, uniq_snorg
IceCv:    ice_cave_tombish

Skill      XL: |  1  2  3  4  5  6  7  8  9 10 11 12 13 14 15 16 17 |
---------------+----------------------------------------------------+-----
Dodging        | 2 3 5 7 8 9 10 | 10.0
Unarmed Combat | 3 4 8 10 11 12 13 14 15 16 17 | 17.6
Fighting       | 2 3 4 8 9 10 11 12 13 14 15 16 | 16.7
Spellcasting   | 3 4 7 8 9 10 | 10.0
Transmutations | 5 6 7 8 9 10 11 12 | 12.0
Shields        | 2 4 6 7 9 |  9.0
Ice Magic      | 2 5 |  5.0

Action                   |  1- 3 |  4- 6 |  7- 9 | 10-12 | 13-15 | 16-18 || total
-------------------------+-------+-------+-------+-------+-------+-------++-------
Melee: Unarmed           |   136 |   207 |   216 |   724 |  1286 |   879 ||  3448
       Headbutt          |     2 |     6 |     3 |       |       |       ||    11
       Kick              |     2 |     3 |       |       |       |       ||     5
       Punch             |       |     2 |     2 |     8 |    40 |     7 ||    59
Throw: Stone             |       |     2 |     2 |       |       |       ||     4
 Cast: Beastly Appendage |     8 |     7 |     2 |       |       |       ||    17
       Sticks to Snakes  |     4 |    17 |    15 |    27 |    18 |     1 ||    82
       Spider Form       |       |       |     9 |    42 |    15 |       ||    66
       Blade Hands       |       |       |       |    38 |    48 |    27 ||   113
       Ice Form          |       |       |       |       |    35 |    58 ||    93
       Confusing Touch   |       |       |       |       |     9 |    11 ||    20
Invok: Sacrifice Courage |       |       |       |     1 |       |       ||     1
       Reject Sacrifices |       |       |       |     1 |     1 |       ||     2
       Draw Out Power    |       |       |       |       |     2 |     6 ||     8
       Sacrifice Artific |       |       |       |       |     1 |       ||     1
       Sacrifice Durabil |       |       |       |       |     1 |       ||     1
       Power Leap        |       |       |       |       |     1 |     2 ||     3
       Sacrifice Health  |       |       |       |       |     1 |       ||     1
       Sacrifice Stealth |       |       |       |       |     1 |       ||     1
 Abil: End Transformatio |       |       |       |       |       |     3 ||     3
Evoke: Wand              |       |       |       |     4 |     2 |       ||     6
  Use: Potion            |       |     2 |     2 |     2 |     1 |     3 ||    10
       Scroll            |       |       |    19 |     9 |    20 |    11 ||    59
 Stab: Distracted        |     1 |     1 |       |     2 |     3 |     6 ||    13
       Sleeping          |     1 |       |     1 |       |       |       ||     2
       Invisible         |       |       |       |       |    14 |    12 ||    26
       Confused          |       |       |       |       |     3 |     4 ||     7
       Paralysed         |       |       |       |       |     2 |    21 ||    23
  Eat: Chunk             |     3 |     5 |     8 |    32 |    34 |    13 ||    95
       Ration            |       |     1 |     1 |     7 |    14 |    14 ||    37
Armor: Robe              |    63 |    27 |    35 |   116 |    12 |       ||   253
       Skin              |       |       |     1 |     7 |    35 |    14 ||    57
       Pearl dragon scal |       |       |       |       |   286 |    45 ||   331
Dodge: Dodged            |   108 |    58 |   107 |   633 |   683 |   519 ||  2108
Block: Shield            |       |       |       |       |   100 |    55 ||   155

Table legend:
 A = Non-vault XP
 B = Vault XP
 C = Vault XP percentage of total XP
 D = Non-vault monster count
 E = Vault monster count
 F = Vault count percentage of total count
                 A         B        C        D         E       F
            +---------+---------+-------+---------+---------+-------
      Total |  154289 |   82235 |  34.8 |     773 |     218 |  22.0
            +---------+---------+-------+---------+---------+-------
        D:1 |      48 |       0 |   0.0 |      29 |       0 |   0.0
        D:2 |      36 |       0 |   0.0 |      13 |       0 |   0.0
        D:3 |     279 |      40 |  12.5 |      26 |       3 |  10.3
        D:4 |     401 |       0 |   0.0 |      22 |       0 |   0.0
        D:5 |     420 |     170 |  28.8 |      12 |       1 |   7.7
        D:6 |    1076 |     142 |  11.7 |      26 |       1 |   3.7
        D:7 |    2323 |       0 |   0.0 |      42 |       0 |   0.0
        D:8 |    2147 |       0 |   0.0 |      33 |       0 |   0.0
        D:9 |    2497 |    1063 |  29.9 |      23 |       2 |   8.0
       D:10 |    6290 |    1930 |  23.5 |      46 |       9 |  16.4
       D:11 |    2641 |     437 |  14.2 |      21 |       1 |   4.5
       D:12 |    2951 |       0 |   0.0 |      23 |       0 |   0.0
       D:13 |    8315 |    5280 |  38.8 |      35 |      15 |  30.0
       D:14 |    7071 |   12499 |  63.9 |      16 |      31 |  66.0
       D:15 |   11787 |    5611 |  32.3 |      35 |      15 |  30.0
     Lair:1 |    3535 |     425 |  10.7 |      17 |       1 |   5.6
     Lair:2 |    2719 |    1380 |  33.7 |      11 |       6 |  35.3
     Lair:3 |    3281 |     304 |   8.5 |      10 |       2 |  16.7
     Lair:4 |    7474 |    3601 |  32.5 |      32 |      11 |  25.6
     Lair:5 |    3763 |    6595 |  63.7 |      18 |      28 |  60.9
     Lair:6 |    3630 |    7355 |  67.0 |      12 |      18 |  60.0
    Swamp:1 |   15849 |       0 |   0.0 |      47 |       0 |   0.0
    Swamp:2 |   10150 |       0 |   0.0 |      21 |       0 |   0.0
    Swamp:3 |   16208 |    2333 |  12.6 |      39 |       3 |   7.1
    Swamp:4 |    5569 |   11446 |  67.3 |      18 |      19 |  51.4
    Snake:1 |   12558 |       0 |   0.0 |      29 |       0 |   0.0
      Orc:1 |    3571 |    5227 |  59.4 |      48 |      11 |  18.6
      Orc:2 |    3472 |    7652 |  68.8 |      37 |      17 |  31.5
    Abyss:1 |   14228 |       0 |   0.0 |      32 |       0 |   0.0
      IceCv |       0 |    8745 | 100.0 |       0 |      24 | 100.0
            +---------+---------+-------+---------+---------+-------
